 Dungeon Crawl Stone Soup version 0.30-a0-782-ge64f9170bb (webtiles) character file.

Game seed: 12787962704174772432

65 Crownlay the Insei (level 4, -1/28 HPs)
             Began as an Octopode Transmuter on Feb 26, 2023.
             Killed from afar by Natasha (5 damage)
             ... with a magic dart
             ... on level 2 of the Dungeon.
             The game lasted 00:01:40 (1369 turns).

Crownlay the Insei (Octopode Transmuter)            Turns: 1369, Time: 00:01:40

Health: -1/28      AC:  1    Str:  9    XL:     4   Next: 13%
Magic:  7/7        EV: 13    Int: 17    God:
Gold:   191        SH:  0    Dex: 12    Spells: 4/7 levels left

rFire   . . .      SeeInvis +      - Unarmed
rCold   + . .      Faith    .    (no shield)
rNeg    . . .      Spirit   .    (helmet currently unavailable)
rPois   .          Reflect  .    (no amulet)
rElec   .          Harm     .    g - ring of flight
rCorr   .          Rampage  .    h - ring of see invisible
Will    .....                    j - ring of protection from cold
Stlth   ++                       (no ring)
HPRegen 0.24/turn                (no ring)
MPRegen 0.10/turn                (no ring)
                                 (no ring)
                                 (no ring)

@: appendages (expiring), flying
A: tentacle spike 3, almost no armour, amphibious, 8 rings, camouflage 1,
gelatinous body 1, (nimble swimmer 1), tentacles
a: End Transformation


You were on level 2 of the Dungeon.
One of your tentacles had grown a beastly spike.
You visited 1 branch of the dungeon, and saw 2 of its levels.

You collected 191 gold pieces.

Inventory:

Armour
 e - an orb of light
Jewellery
 g - a ring of flight (left tentacle)
 h - a ring of see invisible (right tentacle)
 j - a ring of protection from cold (on tentacle)
Scrolls
 d - 3 scrolls of identify {unknown}
 f - a scroll of fog {unknown}
 i - a scroll of immolation {unknown}
 k - a scroll of magic mapping {unknown}
 l - a scroll of enchant armour {unknown}
 m - a scroll of teleportation {unknown}
 n - a scroll of vulnerability {unknown}
Potions
 a - a potion of lignification
 b - a potion of haste {unknown}
 c - a potion of ambrosia {unknown}


   Skills:
 - Level 1.0 Fighting
 - Level 2.0 Dodging
 + Level 4.0 Unarmed Combat
 - Level 2.0 Spellcasting
 + Level 3.3 Transmutations


You had 4 spell levels left.
You knew the following spells:

 Your Spells              Type           Power      Damage    Failure   Level
a - Beastly Appendage     Tmut           26%        N/A       4%          1
b - Wereblood             Tmut           13%        N/A       8%          2

Your spell library contained the following spells:

 Spells                   Type           Power      Damage    Failure   Level
 Spider Form              Tmut/Pois      7%         N/A       30%         3
 Ice Form                 Ice/Tmut       7%         N/A       69%         4


Dungeon Overview and Level Annotations

Branches:
Dungeon (2/15)

Altars:

Annotations:
D:2 Natasha


Innate Abilities, Weirdness & Mutations

One of your tentacles has grown a beastly spike.
You cannot wear most types of armour.
You are amphibious.
You can wear up to eight rings at the same time.
Your skin changes colour to match your surroundings (Stealth+).
Your rubbery body absorbs attacks. (AC +1, EV +1)
((You are camouflaged when in or above water. (Stealth+)))
You have tentacles for arms and can constrict up to eight enemies at once.


Message History

You now have 183 gold pieces (gained 12).
Found a stone staircase leading up.
Found a stone staircase leading down.
You now have 191 gold pieces (gained 8).
Found a stone staircase leading down.
Found a stone staircase leading down.
There is a stone staircase leading down here.
d - 3 scrolls labelled DOCVUM XUVE (gained 1) Natasha, Servant of Life and Death comes into view.
Natasha moves out of view.
Casting: Wereblood (safe; 8% risk of failure)
Confirm with . or Enter, or press ? or * to list all spells.
You miscast Beastly Appendage.
You are very lightly contaminated with residual magic.
Nothing appears to happen.
Casting: Beastly Appendage (safe; 4% risk of failure)
Confirm with . or Enter, or press ? or * to list all spells.
One of your tentacles grows a vicious spike.
Your magical contamination has completely faded away.
Natasha casts a spell.
Natasha stares at you and mumbles some strange words.
The magic dart hits you!
You closely miss Natasha. Your grab misses Natasha. Natasha claws you.
You tentacle-slap Natasha. You grab Natasha.
Natasha is lightly wounded.
You constrict Natasha. Natasha closely misses you.
You tentacle-slap Natasha but do no damage.
You pierce Natasha.
Your tentacle-slap misses Natasha.
Natasha is moderately wounded.
Your transformation is almost over.
You constrict Natasha, but do no damage.
The crimson imp closely misses you. Natasha claws you!
* * * LOW HITPOINT WARNING * * *
You tentacle-slap Natasha but do no damage.
You pierce Natasha.
Natasha is heavily wounded.
You constrict Natasha. The crimson imp closely misses you.
Natasha stares at you and mumbles some strange words.
The magic dart hits you.
You die...

##.#.# #.....# #..#
####.#.##
#.###.####..
#.......## #.#
#....... #........#
#.###.####.#
#........####.....#
#.#
#.................#
#.#
#........######...#
##.. #........#
#...###...
#.....5@.#
#.........
######h#.#
##.#.###...
#.#.#####.#..####.#
#........###......#
#...###.#.#..######
#...###.#..#.# ###
#.......#.##.# #..
#..#####...#.# #.#
#.......<....# #.#


You could see Natasha and a crimson imp (summoned).

Vanquished Creatures
  Natasha (D:2)
  An adder (D:2)
  2 dart slugs
  A ball python (D:1)
  6 bats
  2 endoplasms
  A giant cockroach (D:1)
  3 goblins
  2 hobgoblins (D:1)
  3 kobolds (D:1)
  3 frilled lizards
  3 rats
28 creatures vanquished.

Notes
Turn   | Place    | Note
-------+----------+-------------------------------------------
     0 | D:1      | Crownlay the Octopode Transmuter began the quest for the
                  | Orb.
     0 | D:1      | Reached XP level 1. HP: 13/13 MP: 3/3
   177 | D:1      | Reached XP level 2. HP: 16/18 MP: 3/5
   584 | D:2      | Learned a level 2 spell: Wereblood
   698 | D:2      | Reached XP level 3. HP: 13/23 MP: 2/6
   953 | D:2      | Noticed Natasha
   959 | D:2      | Killed Natasha
   962 | D:2      | Reached skill level 4 in Unarmed Combat
   962 | D:2      | Reached XP level 4. HP: 10/28 MP: 3/7
  1348 | D:2      | Noticed Natasha
  1369 | D:2      | Killed from afar by Natasha

Illustrated notes

Levels and vault maps discovered:
D:1:      dreamdust_arrival_sigmund_warning, layout_rooms,
          corexii_hall_statues_s
D:2:      layout_loops_ring, minmay_pentomino_x4, uniq_natasha

Skill      XL: |  1  2  3 |
---------------+----------+-----
Transmutations | 3 |  3.3
Unarmed Combat | 4 |  4.0
Fighting       | |  1.0
Dodging        | |  2.0
Spellcasting   | |  2.0

Action                     |  1- 3 |  4- 6 || total
---------------------------+-------+-------++-------
  Melee: Unarmed           |    54 |     4 ||    58
         Constrict         |    15 |     1 ||    16
         Tentacles         |    10 |       ||    10
         Kick              |    13 |     2 ||    15
         Punch             |     2 |       ||     2
   Cast: Beastly Appendage |    15 |     1 ||    16
         Wereblood         |     1 |       ||     1
   Stab: Sleeping          |     3 |       ||     3
 Armour: Skin              |    10 |       ||    10
  Dodge: Dodged            |    29 |     3 ||    32

Table legend: (Time is in decaauts)
 A = Elapsed time spent in this place.
 B = Non-inter-level travel time spent in this place.
 C = Inter-level travel time spent in this place.
 D = Time resting spent in this place.
 E = Time spent auto-exploring this place.
 F = Levels seen in this place.
 G = Mean time per level.
                   A        B        C        D        E       F      G
               +--------+--------+--------+--------+--------+-----+--------+
         Total |   1363 |   1344 |     19 |      0 |   1122 |   2 |  681.5 |
       Dungeon |   1363 |   1344 |     19 |      0 |   1122 |   2 |  681.5 |
               +--------+--------+--------+--------+--------+-----+--------+

Top non-repeatable levels by time:
     D:2: 787 daAuts
     D:1: 576 daAuts
